 Dungeon Crawl Stone Soup version 0.29.1-2-gbd0b4ee654 (webtiles) character file.

Game seed: 9411545356272708631

37 MisterFreud the Covert (level 3, -2/35 HPs)
             Began as a Gnoll Delver on Nov 16, 2022.
             Slain by an ufetubus (3 damage)
             ... on level 5 of the Dungeon.
             The game lasted 00:00:46 (183 turns).

MisterFreud the Covert (Gnoll Delver)                Turns: 183, Time: 00:00:47

Health: -2/35      AC:  3    Str: 11    XL:     3   Next: 39%
Magic:  2/4        EV: 13    Int: 11    God:
Gold:   12         SH:  0    Dex: 13    Spells: 3/3 levels left

rFire   . . .      SeeInvis .   a - +0 short sword
rCold   . . .      Faith    .   (no shield)
rNeg    . . .      Spirit   .   b - +0 leather armour
rPois   .          Reflect  .   (no helmet)
rElec   .          Harm     .   (no cloak)
rCorr   .          Rampage  .   (no gloves)
Will    .....                   (no boots)
Stlth   ++++......              (no amulet)
HPRegen 0.11/turn               (no ring)
MPRegen 0.09/turn               (no ring)

@: hasted, very quick
A: fangs 1, strong nose, distributed training
a: no special abilities


You were on level 5 of the Dungeon.
You visited 1 branch of the dungeon, and saw 3 of its levels.

You collected 12 gold pieces.

Inventory:

Hand Weapons
 a - a +0 short sword (weapon)
Armour
 b - a +0 leather armour (worn)
Wands
 g - a wand of digging (3)
Scrolls
 c - a scroll of fog
 d - a scroll of magic mapping


   Skills:
 + Level 6.5 Fighting
 + Level 4.5 Short Blades
 + Level 0.8 Long Blades
 + Level 0.8 Axes
 + Level 0.8 Maces & Flails
 + Level 0.8 Polearms
 + Level 0.8 Staves
 + Level 0.8 Ranged Weapons
 + Level 0.8 Throwing
 + Level 0.8 Armour
 + Level 4.5 Dodging
 + Level 9.6 Stealth
 + Level 0.8 Shields
 + Level 0.8 Unarmed Combat
 + Level 0.8 Spellcasting
 + Level 0.5 Conjurations
 + Level 0.5 Hexes
 + Level 0.5 Summonings
 + Level 0.5 Necromancy
 + Level 0.5 Translocations
 + Level 0.5 Transmutations
 + Level 0.5 Fire Magic
 + Level 0.5 Ice Magic
 + Level 0.5 Air Magic
 + Level 0.5 Earth Magic
 + Level 0.5 Poison Magic
 + Level 1.0 Invocations
 + Level 0.8 Evocations


You had 3 spell levels left.
You didn't know any spells.
Your spell library was empty.

Dungeon Overview and Level Annotations

Branches:
Dungeon (6/15)
 Temple: D:4-7

Altars:

Shops:
D:5 *

Annotations:
D:4 Ijyb


Innate Abilities, Weirdness & Mutations

You have very sharp teeth.
Your uncanny sense of smell can sniff out nearby items.
Your experience applies equally to all skills.


Message History

The gnoll barely misses you.
The gnoll hits you with a +0 spear of venom.
You are poisoned.
The gnoll hits you with a +2 whip of electrocution.
The gnoll attacks as you move away! The gnoll hits you with a +0 flail.
* * * LOW HITPOINT WARNING * * *
You feel very sick. The gnoll misses you.
Things that are here:
a +0 club; a +0 robe You feel yourself speed up.
You feel sick. The gnoll barely misses you.
The gnoll hits you but does no damage. The gnoll misses you.
You feel sick. The ufetubus attacks as you move away!
The ufetubus barely misses you. The ufetubus closely misses you.
You feel sick.
You see here a +0 club.
The ufetubus attacks as you move away! The ufetubus misses you. x2
You feel sick. The ufetubus attacks as you move away! The ufetubus hits you.
* * * LOW HITPOINT WARNING * * *
The ufetubus misses you.
* * * LOW HITPOINT WARNING * * *
You feel sick.
You aren't carrying any potions.
Unknown command.
The ufetubus attacks as you move away! The ufetubus closely misses you.
The ufetubus hits you but does no damage.
* * * LOW HITPOINT WARNING * * *
You feel sick. The ufetubus attacks as you move away!
The ufetubus closely misses you. x2
* * * LOW HITPOINT WARNING * * *
You feel sick. The ufetubus attacks as you move away! The ufetubus misses you.
The ufetubus barely misses you.
* * * LOW HITPOINT WARNING * * *
You feel sick.
You are no longer poisoned.
Found a stone staircase leading down.
The ufetubus attacks as you move away! The ufetubus hits you.
You die...

#...# #...# .
#...## >
##g..# .#
#..#.# .#
#)##.##
#.####
#g#...##.....
#..g∩..$..#
###...#@##
###.##5#
###...##
#####


You could see 2 gnolls and an ufetubus.

Vanquished Creatures
  A gnoll bouda (D:5)
  A gnoll (D:5)
2 creatures vanquished.

Notes
Turn   | Place    | Note
-------+----------+-------------------------------------------
     0 | D:5      | Reached skill level 9 in Stealth
     0 | D:5      | MisterFreud the Gnoll Delver began the quest for the Orb.
     0 | D:5      | Reached XP level 1. HP: 23/23 MP: 1/1
     6 | D:5      | Noticed a black bear
   119 | D:4      | Noticed Ijyb
   163 | D:5      | Noticed a gnoll bouda
   163 | D:5      | Found Naufigh's Gadget Gallery.
   166 | D:5      | Reached XP level 2. HP: 20/29 MP: 2/2
   169 | D:5      | Reached skill level 1 in Invocations
   169 | D:5      | Reached XP level 3. HP: 25/35 MP: 2/4
   180 | D:5      | HP: 1/35 [poisoned by a gnoll]
   183 | D:5      | Slain by an ufetubus

Illustrated notes

Levels and vault maps discovered:
D:4:      layout_basic, mainiacjoe_overflow_brackets, zin_statuary,
          minmay_temple_entry_purple_smoke, uniq_ijyb, uniq_grinder,
          uniq_menkaure
D:5:      layout_rooms, general_overflow_altar, gammafunk_ghost_smash,
          minmay_misc_feat_roman, nicolae_shop_gadgets
D:6:      layout_loops_corners, overflow_temple_1_default, lemuel_tele_altar,
          serial_shops, shop_statue, hangedman_abyss_or_decor_passed,
          nicolae_shop_overcharged_wands, uniq_maggie, uniq_edmund,
          uniq_prince_ribbit1, uniq_blork_the_orc

Skill      XL: |  1  2 |
---------------+-------+-----
Stealth        | |  9.6
Invocations    | 1 |  1.0
Fighting       | |  6.5
Short Blades   | |  4.5
Long Blades    | |  0.8
Axes           | |  0.8
Maces & Flails | |  0.8
Polearms       | |  0.8
Staves         | |  0.8
Ranged Weapons | |  0.8
Throwing       | |  0.8
Armour         | |  0.8
Dodging        | |  4.5
Shields        | |  0.8
Unarmed Combat | |  0.8
Spellcasting   | |  0.8
Conjurations   | |  0.5
Hexes          | |  0.5
Summonings     | |  0.5
Necromancy     | |  0.5
Translocations | |  0.5
Transmutations | |  0.5
Fire Magic     | |  0.5
Ice Magic      | |  0.5
Air Magic      | |  0.5
Earth Magic    | |  0.5
Poison Magic   | |  0.5
Evocations     | |  0.8

Action                   || total
-------------------------++-------
Melee: Short sword       ||     7
  Use: Scroll            ||     1
       Potion            ||     1
 Stab: Sleeping          ||     2
Armor: Leather armour    ||     2
Dodge: Dodged            ||    17
